 Dungeon Crawl Stone Soup version 0.17.0-15-g6d90897 (webtiles) character file.

50 McCoppin the Sneak (level 3, -5/28 HPs)
             Began as a Naga Enchanter on Nov 10, 2015.
             Slain by a river rat (9 damage)
             ... on level 2 of the Dungeon.
             The game lasted 00:09:52 (1648 turns).

McCoppin the Sneak (Naga Enchanter)                 Turns: 1648, Time: 00:09:52

Health: -5/28      AC:  3    Str: 10    XL:     3   Next: 79%
Magic:  6/6        EV: 10    Int: 15    God:
Gold:   44         SH:  0    Dex: 12    Spells: 2 memorised, 3 levels left

rFire  . . .     SeeInvis +     a - +1 dagger
rCold  . . .     Clarity  .     b - +1 robe
rNeg   . . .     SustAt   .     (no shield)
rPois  +         Gourm    .     (no helmet)
rElec  .         Spirit   .     (no cloak)
rCorr  .         Warding  .     (no gloves)
rMut   .         Stasis   .     (no barding)
MR     .....                    (no amulet)
Stlth  ++++......               (no ring)
                                (no ring)

@: very slow, not resistant to hostile enchantments, stealthy
A: see invisible, deformed body, poison resistance, slowness 2, slow metabolism
1, spit poison 2, AC +1
a: Spit Poison


You were on level 2 of the Dungeon.
You were not hungry.

You visited 1 branch of the dungeon, and saw 2 of its levels.

You collected 44 gold pieces.

Inventory:

Hand Weapons
 a - a +1 dagger (weapon)
Armour
 b - a +1 robe (worn)
Scrolls
 e - a scroll of noise {unknown}
 h - a scroll of enchant armour {unknown}
 i - 3 scrolls of fog {unknown}
 l - 2 scrolls of identify {unknown}
Potions
 g - a potion of resistance {unknown}
 k - 3 potions of curing {unknown}
 n - a potion of poison {unknown}
Books
 c - a book of Maledictions

   Spells                             Type                      Level
   a - Corona                         Hexes                        1
   b - Ensorcelled Hibernation        Hexes/Ice                    2
   c - Confuse                        Hexes                        3
   d - Tukima's Dance                 Hexes                        3
   e - Dazzling Spray                 Conjuration/Hexes            3
Comestibles
 d - 2 bread rations
 f - a meat ration
 j - a slice of pizza
 m - a beef jerky


   Skills:
 - Level 1.0 Short Blades
 - Level 1.5 Dodging
 + Level 7.0 Stealth
 - Level 2.0 Spellcasting
 - Level 3.0 Hexes


You had 3 spell levels left.
You knew the following spells:

 Your Spells              Type           Power        Failure   Level  Hunger
a - Corona                Hex            ##.....      8%          1    #......
b - Ensorcelled Hibernat  Hex/Ice        #.....       17%         2    ###....


Dungeon Overview and Level Annotations

Branches:
Dungeon (2/15)

Altars:
Trog


Innate Abilities, Weirdness & Mutations

You cannot wear boots.
Your serpentine skin is tough (AC +1).
You have supernaturally acute eyesight.
Armour fits poorly on your strangely shaped body.
Your system is resistant to poisons.
You cover ground very slowly.
You have a slow metabolism.
You can spit poison.


Message History

The river rat bites you!
You completely miss the river rat.
The river rat is lightly wounded.
The river rat bites you.
Press: ? - help, Shift-Dir - straight line, f - river rat
Aim: a river rat (lightly wounded)
The splash of poison hits the river rat.
The river rat is poisoned.
The river rat is moderately wounded.
You feel slightly more hungry. The river rat bites you.
* * * LOW HITPOINT WARNING * * *
You barely miss the river rat.
The river rat is moderately wounded.
The river rat bites you.
* * * LOW HITPOINT WARNING * * *
You have got your breath back.
The river rat looks more healthy.
The river rat bites you but does no damage.
The river rat bites you!
You die...

♣.♣P♣.♣♣P....#
.♣.♣.♣≈♣.....#
♣P♣.♣.♣.♣♣##.######
♣♣P♣†♣.♣# #......#
♣.♣.♣.♣.♣ ######.#
.♣♣♣.♣.♣# #.# P ♣♣
♣.# #.# ♣♣
#######.#
♣.♣.#....r@.#
♣....#######
♣..♣♣.# ♣..P ♣.. ..
####


You could see a river rat.

Vanquished Creatures
  2 gnolls (D:2)
  A river rat (D:2)
  A giant gecko (D:2)
  A hobgoblin (D:1)
  2 ball pythons (D:1)
  4 bats
  A giant newt (D:1)
  4 goblins
  3 kobolds (D:1)
  7 rats
26 creatures vanquished.

Notes
Turn   | Place    | Note
--------------------------------------------------------------
     0 | D:1      | McCoppin the Naga Enchanter began the quest for the Orb.
     0 | D:1      | Reached XP level 1. HP: 15/15 MP: 3/3
   380 | D:1      | Reached skill level 5 in Stealth
   406 | D:1      | Reached XP level 2. HP: 22/22 MP: 5/5
   410 | D:1      | Learned a level 2 spell: Ensorcelled Hibernation
  1249 | D:2      | Found a bloodstained altar of Trog.
  1261 | D:2      | Reached skill level 6 in Stealth
  1293 | D:2      | Reached XP level 3. HP: 28/28 MP: 6/6
  1410 | D:2      | Reached skill level 7 in Stealth
  1648 | D:2      | Slain by a river rat

Action                   || total
-------------------------++-------
Melee: Dagger            ||    77
 Cast: Ensorcelled Hiber ||     2
 Abil: Spit Poison       ||     1
 Stab: Sleeping          ||    12
       Distracted        ||     1
  Eat: Chunk             ||     2
